 Dungeon Crawl Stone Soup version 0.28.0-43-g3370ac3207 (webtiles) character file.

Game seed: 16572482382202318250

36 H0rd4k the Magician (level 3, -1/19 HPs)
             Began as a Deep Elf Hedge Wizard on Mar 14, 2022.
             Slain by a quokka (3 damage)
             ... on level 1 of the Dungeon.
             The game lasted 00:01:48 (1030 turns).

H0rd4k the Magician (Deep Elf Hedge Wizard)         Turns: 1030, Time: 00:01:48

Health: -1/19      AC:  2    Str:  7    XL:     3   Next: 19%
Magic:  0/12       EV: 12    Int: 20    God:
Gold:   46         SH:  0    Dex: 14    Spells: 4/13 levels left

rFire   . . .      SeeInvis .   a - +0 dagger
rCold   . . .      Faith    .   (no shield)
rNeg    . . .      Spirit   .   b - +0 robe
rPois   .          Reflect  .   c - +0 hat
rElec   .          Harm     .   (no cloak)
rCorr   .          Rampage  .   (no gloves)
Will    .....                   (no boots)
Stlth   ++........              (no amulet)
HPRegen 0.06/turn               (no ring)
MPRegen 0.13/turn               (no ring)

@: very slightly contaminated, hasted, very quick
A: no striking features
a: no special abilities


You were on level 1 of the Dungeon.
You visited 1 branch of the dungeon, and saw 1 of its levels.

You collected 46 gold pieces.

Inventory:

Hand Weapons
 a - a +0 dagger (weapon)
Armour
 b - a +0 robe (worn)
 c - a +0 hat (worn)
Jewellery
 d - an amulet of magic regeneration
Scrolls
 f - a scroll of fog {unknown}


   Skills:
 + Level 2.8 Dodging
 - Level 2.4 Stealth
 + Level 5.5 Spellcasting
 + Level 1.6 Conjurations
 + Level 1.2 Summonings
 + Level 1.2 Translocations


You had 4 spell levels left.
You knew the following spells:

 Your Spells              Type           Power      Damage    Failure   Level
a - Magic Dart            Conj           48%        1d5       5%          1
b - Blink                 Tloc           20%        N/A       10%         2
c - Conjure Flame         Conj/Fire      8%         6-21      24%         3
d - Mephitic Cloud        Conj/Pois/Air  7%         N/A       26%         3

Your spell library contained the following spells:

 Spells                   Type           Power      Damage    Failure   Level
 Call Imp                 Summ           10%        N/A       10%         2
 Animate Skeleton         Necr           10%        N/A       11%         1
 Slow                     Hex            20%        N/A       11%         1


Dungeon Overview and Level Annotations

Branches:
Dungeon (1/15)

Altars:

Shops:
D:1 =


Message History

Aim: a jackal (severely wounded, 100% to hit)
You miscast Magic Dart.
You are very lightly contaminated with residual magic.
Nothing appears to happen.
The jackal bites you.
Casting: Magic Dart (safe; 6% risk of failure)
Confirm with . or Enter, or press ? or * to list all spells.
Aiming: Magic Dart (safe; 6% risk of failure)
Press: ? - help, Shift-Dir - straight line, f/p - jackal
Aim: a jackal (severely wounded, 100% to hit)
The magic dart hits the jackal.
You kill the jackal!
The bat barely misses you. The bat hits you but does no damage.
Sorry, you're not good enough to have a special ability.
Casting: Magic Dart (safe; 5% risk of failure)
Confirm with . or Enter, or press ? or * to list all spells.
Aiming: Magic Dart (safe; 5% risk of failure)
Press: ? - help, Shift-Dir - straight line, f - bat
Aim: a bat (100% to hit)
The magic dart hits the bat.
You kill the bat!
Casting: Magic Dart (safe; 5% risk of failure)
Confirm with . or Enter, or press ? or * to list all spells.
Aiming: Magic Dart (safe; 5% risk of failure)
Press: ? - help, Shift-Dir - straight line, f - quokka
Aim: a quokka (100% to hit)
The magic dart hits the quokka.
The quokka is moderately wounded.
The quokka bites you.
* * * LOW HITPOINT WARNING * * *
Casting: Magic Dart (safe; 5% risk of failure)
Confirm with . or Enter, or press ? or * to list all spells.
Aiming: Magic Dart (safe; 5% risk of failure)
Press: ? - help, Shift-Dir - straight line, f/p - quokka
Aim: a quokka (moderately wounded, 100% to hit)
The magic dart hits the quokka.
The quokka is heavily wounded.
The quokka barely misses you.
Unknown command.
It was a potion of haste.
You feel yourself speed up. The quokka bites you.
You die...

#.#
#.#
#.#
#.#
#.#
#.#
#†#
#r#
#@#
#.#
#.#
#.#
#.#
#)#
#.#
#.#
#.#


You could see a quokka.

Vanquished Creatures
  A dart slug (D:1)
  4 ball pythons (D:1)
  2 endoplasms (D:1)
  2 giant cockroaches (D:1)
  4 hobgoblins (D:1)
  7 jackals (D:1)
  5 bats (D:1)
  3 goblins (D:1)
  3 rats (D:1)
31 creatures vanquished.

Vanquished Creatures (others)
  A fungus (D:1)
  3 plants (D:1)
4 creatures vanquished.

Grand Total: 35 creatures vanquished

Notes
Turn   | Place    | Note
-------+----------+-------------------------------------------
     0 | D:1      | H0rd4k the Deep Elf Hedge Wizard began the quest for the
                  | Orb.
     0 | D:1      | Reached XP level 1. HP: 10/10 MP: 7/7
   225 | D:1      | Reached XP level 2. HP: 15/15 MP: 5/9
   291 | D:1      | Found a faded altar of an unknown god.
   308 | D:1      | Got Plato's Grimoire of Dark Magic
   402 | D:1      | Reached skill level 5 in Spellcasting
   822 | D:1      | Found Vako's Jewellery Boutique.
   885 | D:1      | Reached XP level 3. HP: 19/19 MP: 8/11
   897 | D:1      | Learned a level 2 spell: Blink
   901 | D:1      | Learned a level 3 spell: Conjure Flame
   906 | D:1      | Learned a level 3 spell: Mephitic Cloud
  1030 | D:1      | Slain by a quokka

Illustrated notes

Levels and vault maps discovered:
D:1:      heliophobic_arrival_enchanted_forest, layout_basic,
          shapermc_ecumenical_altar_rom_forum, serial_shops, shop

Skill      XL: |  1  2 |
---------------+-------+-----
Spellcasting   | 5 |  5.5
Dodging        | |  2.8
Stealth        | |  2.4
Conjurations   | |  1.6
Summonings     | |  1.2
Translocations | |  1.2

Action                   || total
-------------------------++-------
Melee: Dagger            ||     1
 Cast: Magic Dart        ||    78
  Use: Potion            ||     1
Armor: Robe              ||     6
Dodge: Dodged            ||    30
